 Dungeon Crawl Stone Soup version 0.25-a0-707-g603da076d2 (webtiles) character file.

Game seed: 13127106924287380280, levelgen mode: deterministic

65 Amnesiac the Magician (level 3, 0/19 HPs)
             Began as a Deep Elf Wizard on Apr 5, 2020.
             Slain by an orc wizard
             ... wielding a +0 dagger
              (3 damage)
             ... on level 3 of the Dungeon.
             The game lasted 00:01:47 (1907 turns).

Amnesiac the Magician (Deep Elf Wizard)             Turns: 1907, Time: 00:01:47

Health: 0/19       AC:  3    Str:  4    XL:     3   Next: 94%
Magic:  0/13       EV: 13    Int: 23    God:
Gold:   150        SH:  0    Dex: 13    Spells: 4/15 levels left

rFire    . . .     SeeInvis .   (no weapon)
rCold    . . .     Gourm    .   (no shield)
rNeg     . . .     Faith    .   a - +0 robe
rPois    +         Spirit   .   (helmet restricted)
rElec    .         Reflect  .   (no cloak)
rCorr    .         Harm     .   k - +0 pair of gloves
MR       .....                  (no boots)
Stlth    ++........             (no amulet)
HPRegen  0.06/turn              (no ring)
MPRegen  0.13/turn              (no ring)

@: very slightly contaminated
A: antennae 1, poison resistance
a: no special abilities


You were on level 3 of the Dungeon.
You were not hungry.

You visited 1 branch of the dungeon, and saw 3 of its levels.

You collected 150 gold pieces.

Inventory:

Armour
 a - a +0 robe (worn)
 j - a +0 tower shield
 k - a +0 pair of gloves (worn)
Scrolls
 b - a scroll of amnesia {!r, unknown}
 e - 4 scrolls of identify {!r, unknown}
 h - a scroll of immolation {!r, unknown}
 i - a scroll of teleportation {!r, unknown}
 l - 2 scrolls of random uselessness {!r, unknown}
Potions
 c - a potion of might {!q, unknown}
 f - a potion of heal wounds {!q, unknown}
 g - a potion of mutation {!q}
 n - a potion of haste {!q, unknown}
 o - a potion of stabbing {!q, unknown}
Comestibles
 d - 5 rations
 m - 6 chunks of flesh


   Skills:
 - Level 2.4 Dodging
 - Level 2.4 Stealth
 + Level 6.7 Spellcasting
 - Level 1.1 Conjurations
 - Level 1.1 Summonings
 - Level 1.1 Translocations


You had 4 spell levels left.
You knew the following spells:

 Your Spells              Type           Power        Failure   Level  Hunger
a - Magic Dart            Conj           ##..         4%          1    None
b - Call Imp              Summ           ##......     8%          2    None
e - Mephitic Cloud        Conj/Pois/Air  #.......     21%         3    None
s - Conjure Flame         Conj/Fire      ##......     19%         3    None
v - Blink                 Tloc           N/A          8%          2    None

Your spell library contained the following spells:

 Spells                   Type           Power        Failure   Level  Hunger
 Slow                     Hex            #.......     12%         2    None


Dungeon Overview and Level Annotations

Branches:
Dungeon (3/15)

Altars:


Innate Abilities, Weirdness & Mutations

You have a pair of small antennae on your head.
Your system is resistant to poisons. (rPois)


Message History

Confirm with . or Enter, or press ? or * to list all spells.
Aiming: Magic Dart (safe; 4% risk of failure)
Press: ? - help, Shift-Dir - straight line, f - orc wizard
Aim: an orc wizard, wielding a +0 dagger and wearing a +0 robe The magic dart hits the orc wizard.
The orc wizard is lightly wounded.
The orc wizard hits you with a +0 dagger.
Casting: Magic Dart (safe; 4% risk of failure)
Confirm with . or Enter, or press ? or * to list all spells.
Aiming: Magic Dart (safe; 4% risk of failure)
Press: ? - help, Shift-Dir - straight line, f/p - orc wizard
Aim: an orc wizard, wielding a +0 dagger and wearing a +0 robe (lightly wounded)
The magic dart hits the orc wizard but does no damage.
The orc wizard is lightly wounded.
The orc wizard hits you but does no damage.
You swap places.
The orc wizard closely misses your crimson imp.
An orc comes into view. It is wielding a +0 falchion.
You aren't carrying any items that you can evoke.
You aren't carrying any items that you can evoke.
Unknown command.
The orc priest barely misses the orc wizard.
The orc priest hits itself but does no damage.
The orc wizard barely misses your crimson imp.
A worm comes into view.
The orc wizard casts a spell.
The orc wizard seems to speed up.
Something hits your crimson imp!
You see here a sedimented puce potion {!q}.
o - a sedimented puce potion {!q} The orc wizard misses your crimson imp.
Something barely misses your crimson imp.
An adder comes into view.
The orc wizard hits your crimson imp with a +0 dagger.
Something hits your crimson imp.
Something hits your crimson imp but does no damage.
Your crimson imp blinks!
The orc wizard gestures at you while chanting.
The magic dart hits you! The orc wizard casts a spell at you.
The magic dart hits you!
* * * LOW HITPOINT WARNING * * *
Casting: Magic Dart (safe; 4% risk of failure)
Confirm with . or Enter, or press ? or * to list all spells.
Aiming: Magic Dart (safe; 4% risk of failure)
Press: ? - help, Shift-Dir - straight line, f - orc priest
Aim: an orc priest, wearing a +0 leather armour (almost dead, confused)
The magic dart hits the orc priest.
The orc priest is almost dead.
Casting: Magic Dart (safe; 4% risk of failure)
Confirm with . or Enter, or press ? or * to list all spells.
Aiming: Magic Dart (safe; 4% risk of failure)
Press: ? - help, Shift-Dir - straight line, f/p - orc priest
Aim: an orc priest, wearing a +0 leather armour (almost dead, confused)
You miscast Magic Dart.
You are very lightly contaminated with residual magic.
Nothing appears to happen.
Really quaff
g - 2 murky inky potions {!q}?
It was a potion of mutation {!q}.
You feel extremely strange. A pair of antennae grows on your head!
You feel resistant to poisons.
The orc wizard hits you with a +0 dagger.
* * * LOW HITPOINT WARNING * * *
The orc wizard hits you with a +0 dagger.
You die...

######## ####### #......#
#.....# #......# #...(.###
###......# #........ .........#
#.....###
####......#############.....###
..........o....................
###....S.####o########.....###
#...S..# #@# #.....#
#......####o##########.#####
.......w....).................
######.######.##########.#####
.... #........ #.# ##.#.
#.####### #.# #. . #.# #.# #.
#.# #.# #o# #.#


You could see an orc priest (confused) and an orc wizard.

Vanquished Creatures
  An adder (D:2)
  An ooze (D:2)
  2 worms (D:2)
  A dart slug (D:1)
  2 leopard geckos
  4 orcs (D:3)
  4 bats
  2 giant cockroaches (D:1)
  4 goblins
  8 hobgoblins
  A kobold (D:1)
  6 rats (D:2)
36 creatures vanquished.

Notes
Turn   | Place    | Note
-------+----------+-------------------------------------------
     0 | D:1      | Amnesiac the Deep Elf Wizard began the quest for the Orb.
     0 | D:1      | Reached XP level 1. HP: 10/10 MP: 7/7
   220 | D:1      | Reached skill level 5 in Spellcasting
   247 | D:1      | Reached XP level 2. HP: 15/15 MP: 1/10
   251 | D:1      | Learned a level 2 spell: Blink
   254 | D:1      | Learned a level 2 spell: Call Imp
  1107 | D:2      | Reached XP level 3. HP: 19/19 MP: 7/12
  1112 | D:2      | Learned a level 3 spell: Conjure Flame
  1116 | D:2      | Learned a level 3 spell: Mephitic Cloud
  1214 | D:2      | Reached skill level 6 in Spellcasting
  1907 | D:3      | Gained mutation: You have a pair of small antennae on your
                  | head. [potion of mutation]
  1907 | D:3      | Gained mutation: Your system is resistant to poisons.
                  | (rPois) [potion of mutation]
  1907 | D:3      | Slain by an orc wizard

Levels and vault maps discovered:
D:1:      lemuel_arrival_broad_hall, layout_basic
D:2:      layout_loops_cross
D:3:      layout_basic, nicolae_dithmenos_through_a_glass_darkly, uniq_terence,
          uniq_grinder

Skill      XL: |  1  2  3 |
---------------+----------+-----
Spellcasting   | 5 6 |  6.7
Dodging        | |  2.4
Stealth        | |  2.4
Conjurations   | |  1.1
Summonings     | |  1.1
Translocations | |  1.1

Action                   || total
-------------------------++-------
 Cast: Magic Dart        ||   119
       Mephitic Cloud    ||     1
       Call Imp          ||     1
  Use: Potion            ||     1
  Eat: Chunk             ||     3
Armor: Robe              ||     1
Dodge: Dodged            ||    16

Table legend:
 A = Non-vault XP
 B = Vault XP
 C = Vault XP percentage of total XP
 D = Non-vault monster count
 E = Vault monster count
 F = Vault count percentage of total count
                 A         B        C        D         E       F
            +---------+---------+-------+---------+---------+-------
      Total |      94 |       0 |   0.0 |      36 |       0 |   0.0
            +---------+---------+-------+---------+---------+-------
        D:1 |      28 |       0 |   0.0 |      13 |       0 |   0.0
        D:2 |      52 |       0 |   0.0 |      18 |       0 |   0.0
        D:3 |      14 |       0 |   0.0 |       5 |       0 |   0.0
            +---------+---------+-------+---------+---------+-------
